 Dungeon Crawl Stone Soup version 0.13-a0-3016-gcb2faac (webtiles) character file.

433 Econoterrorist the Insei (level 6, -5/46 HPs)
             Began as a Demonspawn Monk on Sept 11, 2013.
             Slain by an ogre
             ... wielding a +0,+0 giant club
              (22 damage)
             ... on Level 4 of the Dungeon.
             The game lasted 00:19:20 (3729 turns).

Econoterrorist the Insei (Demonspawn Monk)          Turns: 3729, Time: 00:19:20

HP  -5/46        AC  3     Str 12      XL: 6   Next:  0%
MP   0/5         EV 12     Int 11      God:
Gold 165         SH  0     Dex 17      Spells:  0 memorised,  5 levels left

Res.Fire  : x . .   See Invis. : .     - Unarmed
Res.Cold  : + + .   Warding    : .   l - +0 leather armour {rC+}
Life Prot.: . . .   Conserve   : .   (no shield)
Res.Poison: .       Res.Corr.  : .   (helmet restricted)
Res.Elec. : .       Clarity    : .   (no cloak)
Sust.Abil.: . .     Spirit.Shd : +   (no gloves)
Res.Mut.  : .       Stasis     : .   (no boots)
Res.Rott. : .       Flight     : .   (no amulet)
Saprovore : . . .                    (no ring)
                                     d - ring of ice

@: slightly resistant to hostile enchantments, stealthy
A: antennae 1, nightstalker 1, magic shield
a: no special abilities


You were on level 4 of the Dungeon.
You were hungry.

You visited 1 branch of the dungeon, and saw 4 of its levels.

You collected 165 gold pieces.

Inventory:

Armour
 l - a +0 leather armour of cold resistance (worn)
Magical devices
 r - a wand of slowing (0)
Comestibles
 b - 5 bread rations
 k - a pear
Scrolls
 c - a scroll of fear {unknown}
 e - 2 scrolls of enchant weapon I {unknown}
 f - 3 scrolls of identify
 g - a scroll of enchant weapon III {unknown}
 j - a scroll of teleportation {unknown}
 n - a scroll of remove curse
 o - a scroll of fog {unknown}
 q - a scroll of amnesia {unknown}
 u - a scroll of curse armour {unknown}
 w - a scroll of recharging {unknown}
 x - a scroll of random uselessness {unknown}
 y - a scroll of enchant armour {unknown}
Jewellery
 d - a ring of ice (left hand)
Potions
 a - a potion of might
 h - 3 potions of confusion {unknown}
 i - 3 potions of paralysis
 m - a potion of heal wounds
 p - 3 potions of curing
 s - a potion of agility {unknown}
 t - a potion of poison {unknown}
Books
 v - a book of Power

   Spells                             Type                      Level
   Iskenderun's Mystic Blast          Conjuration                  4
   Venom Bolt                         Conjuration/Poison           5
   Bolt of Magma                      Conjuration/Fire/Earth       5
   Fulminant Prism                    Conjuration/Hexes            5
   Iron Shot                          Conjuration/Earth            6
   Orb of Destruction                 Conjuration                  7


   Skills:
 - Level 3.0 Fighting
 - Level 2.6 Dodging
 - Level 1.7 Stealth
 + Level 6.6 Unarmed Combat


You had 5 spell levels left.
You didn't know any spells.

Dungeon Overview and Level Annotations

Branches:
Dungeon (4/27)
 Temple: D:4-7

Altars:
Cheibriados


Innate Abilities, Weirdness & Mutations

You have a pair of small antennae on your head.
You are slightly more attuned to the shadows.
When hurt, damage is shared between your health and your magic reserves.


Message History

You hit the ogre but do no damage. You hit the ogre.
The ogre is lightly wounded.
The ogre hits you with a giant club!
Drink which item? (? for menu, Esc to quit)
You feel much better. The ogre hits you with a giant club!
You hit the ogre.
The ogre is moderately wounded.
You punch the ogre!
The ogre is heavily wounded.
The ogre completely misses you.
You punch the ogre!
The ogre is severely wounded.
The ogre misses you.
You hit the ogre.
The ogre is almost dead.
You closely miss the ogre.
The ogre is almost dead.
The ogre hits you with a giant club!
You die...

#.# #........ #.#
#.########
#.######.#.......
#.#......#.######
#.#..............
###.#......#.####..
#..........#.# #..
#######..........#.# #..
..?.....@..........# #..
#########O###############
#................
#.############### #


You could see an ogre.

Vanquished Creatures
  A crimson imp (D:3)
  A worker ant (D:4)
  2 orc wizards (D:3)
  7 adders
  A giant mite (D:2)
  An inept feature mimic (D:4)
  An ooze (D:3)
  6 orcs
  3 ball pythons
  A bat skeleton (D:4)
  4 giant cockroaches
  8 hobgoblins
  9 bats
  2 giant geckos
  A giant newt (D:3)
  6 goblins
  3 jackals (D:2)
  10 kobolds
  3 quokkas (D:4)
  6 rats
76 creatures vanquished.

Notes
Turn   | Place    | Note
--------------------------------------------------------------
     0 | D:1      | Econoterrorist, the Demonspawn Monk, began the quest for the Orb.
     0 | D:1      | Reached XP level 1. HP: 16/16 MP: 0/0
   403 | D:1      | Reached skill level 4 in Unarmed Combat
   406 | D:1      | Gained mutation: When hurt, damage is shared between your health and your magic reserves. [demonic ancestry]
   406 | D:1      | Reached XP level 2. HP: 15/22 MP: 1/1
  1009 | D:2      | Gained mutation: You are slightly more attuned to the shadows. [demonic ancestry]
  1009 | D:2      | Reached XP level 3. HP: 15/28 MP: 2/2
  1505 | D:2      | Reached skill level 5 in Unarmed Combat
  2092 | D:3      | Reached XP level 4. HP: 25/34 MP: 3/3
  2419 | D:3      | Reached XP level 5. HP: 25/39 MP: 1/4
  2431 | D:3      | Reached skill level 6 in Unarmed Combat
  2823 | D:3      | Found a snail-covered altar of Cheibriados.
  3569 | D:4      | Gained mutation: You have a pair of small antennae on your head. [demonic ancestry]
  3569 | D:4      | Reached XP level 6. HP: 33/46 MP: 2/5
  3708 | D:4      | Noticed an ogre
  3729 | D:4      | Slain by an ogre

Action                   |  1- 3 |  4- 6 || total
-------------------------+-------+-------++-------
Melee: Unarmed           |   122 |   189 ||   311
  Use: Scroll            |     3 |       ||     3
       Potion            |       |     5 ||     5
 Stab: Sleeping          |     2 |     5 ||     7
